 Dungeon Crawl Stone Soup version 0.31.0-11-ge490571c62 (webtiles) character file.

Game seed: 15844853569843264527

1381 raph the Frost Mage (level 8, 0/55 (60) HPs)
             Began as a Merfolk Ice Elementalist on Jan 31, 2024.
             Was a Believer of Ashenzari.
             Killed by divine providence
             ... invoked by Jeremiah
              (11 damage)
             ... on level 7 of the Dungeon.
             The game lasted 00:16:03 (7495 turns).

raph the Frost Mage (Merfolk Ice Elementalist)      Turns: 7495, Time: 00:16:03

HP:   0/55 (60)     AC: 12    Str: 14    XL:     8   Next: 67%
MP:   26/26         EV: 14    Int: 16    God:    Ashenzari [**....]
Gold: 416           SH:  5    Dex: 15    Spells: 9/19 levels left

rFire   . . .        C - +0 spear (vamp)
rCold   . . .        r - +0 buckler
rNeg    . . .        a - +0 robe
rPois   .            (no helmet)
rElec   .            u - +1 cloak
rCorr   .            j - +0 pair of gloves
SInv    +            (no boots)
Will    .....        t - amulet "Abstinence of Ashenzari" {RegenMP, Bglg, Sorc} (curse)
Stlth   ++           c - ring of the Eternal Annoyance {Str+6, Elem, Self} (curse)
HPRegen 0.29/turn    v - ring "Gnostic Suspicion" {MP+9, Self, Fort} (curse)
MPRegen 0.60/turn

%: no passive effects
@: ice-armoured, freezing walls, drained
A: (nimble swimmer 2), mertail
a: Renounce Religion, Shatter the Chains


You were on level 7 of the Dungeon.
You worshipped Ashenzari.
Ashenzari was pleased with you.
You visited 2 branches of the dungeon, and saw 8 of its levels.

You collected 416 gold pieces.

Inventory:

Hand Weapons
 d - a +0 dagger
 e - a +0 spear
 C - a +0 vampiric spear (weapon)
Missiles
 l - 15 poisoned darts
Armour
 a - a +0 robe (worn)
 j - a +0 pair of gloves (worn)
 r - a +0 buckler (worn)
 u - a +1 cloak (worn)
Jewellery
 c - the cursed ring of the Eternal Annoyance (left hand) {Str+6, Elem, Self}
   (You found it on level 1 of the Dungeon)

   [ring of strength]

   Str+6:     It affects your strength (+6).
   It has a curse which improves the following skills: Elements: Fire Magic, Ice
   Magic, Air Magic and Earth Magic.
   Introspection: Fighting and Spellcasting.
 p - an amulet of faith
 t - the cursed amulet "Abstinence of Ashenzari" (around neck) {RegenMP, Bglg, Sorc}
   (You found it on level 2 of the Dungeon)

   [amulet of magic regeneration]

   RegenMP:   It increases your rate of magic regeneration.
   It has a curse which improves the following skills: Beguiling: Hexes and
   Translocations.
   Sorcery:   Conjurations and Alchemy.
 v - the cursed ring "Gnostic Suspicion" (right hand) {MP+9, Self, Fort}
   (You found it on level 2 of the Dungeon)

   [ring of magical power]

   MP+9:      It affects your magic capacity (+9).
   It has a curse which improves the following skills: Introspection: Fighting
   and Spellcasting.
   Fortitude: Armour and Shields.
 B - a ring of magical power
Talismans
 n - a beast talisman
 q - a flux talisman
Wands
 f - a wand of flame (11)
 x - a wand of charming (10)
 y - a wand of polymorph (9)
 A - a wand of mindburst (10)
Scrolls
 m - a scroll of identify
 w - 3 scrolls of blinking
 E - a scroll of vulnerability
 H - a scroll of revelation
 I - a scroll of immolation
Potions
 b - 2 potions of magic
 g - 2 potions of mutation
 h - 2 potions of curing
 i - a potion of heal wounds
 k - 2 potions of enlightenment
 s - a potion of brilliance
 z - a potion of haste
 D - 2 potions of ambrosia
 F - a potion of cancellation
 G - a potion of invisibility


   Skills:
 + Level 2.7(4.2) Fighting
 + Level 1.8 Polearms
 + Level 6.3 Dodging
 - Level 3.1 Stealth
 + Level 3.6(4.6) Shields
 + Level 4.3(6.0) Spellcasting
 * Level 8.1(9.3) Ice Magic


You had 9 spell levels left.
You knew the following spells:

 Your Spells              Type           Power      Damage    Failure   Level
a - Freeze                Ice            100%       1d10      1%          1
b - Frozen Ramparts       Ice            68%        1d11      1%          3
c - Ozocubu's Armour      Ice            34%        N/A       1%          3
d - Summon Ice Beast      Ice/Summ       19%        N/A       8%          3

Your spell library contained the following spells:

 Spells                   Type           Power      Damage    Failure   Level
 Sandblast                Erth           10%        2d5       17%         1
 Sting                    Conj/Alch      20%        1d4       17%         1
 Kiss of Death            Conj/Necr      16%        2d6       19%         1
 Lesser Beckoning         Tloc           10%        N/A       26%         2
 Mercury Vapours          Alch/Air       10%        N/A       26%         2
 Sublimation of Blood     Necr           4%         N/A       26%         2
 Confusing Touch          Hex            5%         N/A       45%         3
 Gell's Gravitas          Tloc           5%         N/A       45%         3
 Passwall                 Erth           5%         N/A       45%         3
 Stone Arrow              Conj/Erth      10%        3d7       45%         3
 Teleport Other           Tloc           5%         N/A       45%         3
 Brom's Barrelling Bould  Conj/Erth      5%         2d3       86%         4
 Olgreb's Toxic Radiance  Alch           5%         N/A       86%         4
 Petrify                  Alch/Erth      5%         N/A       86%         4
 Dispel Undead            Necr           4%         3d7       87%         4
 Irradiate                Conj/Alch      2%         3d12      99%         5


Dungeon Overview and Level Annotations

Branches:
Dungeon (7/15)             Temple (1/1) D:4

Altars:
Ashenzari
Cheibriados
Elyvilon
Fedhas
Gozag
Hepliaklqana
Makhleb
Nemelex Xobeh
Okawaru
Qazlal
Ru
Sif Muna
Uskayaw
Vehumet
Wu Jian
Xom
Yredelemnul

Annotations:
D:7 Jeremiah


Innate Abilities, Weirdness & Mutations

((You are very nimble when in or above water. (Stealth+, EV+, Speed+++)))
Your lower body shifts to a powerful aquatic tail in water.


Message History

Jeremiah is severely wounded.
The wall freezes the butterfly.
You kill the butterfly!
The butterfly disappears in a burst of colours!
The wall freezes the butterfly.
You kill the butterfly!
The butterfly disappears in a burst of colours!
The wall freezes Jeremiah but does no damage.
Jeremiah lets out a twisted cry.
Something smites you!
Reach: C) +0 spear (vamp)
Press: ? - help, Dir - move target, f/p - Jeremiah
Aim: Jeremiah, wielding a +4 trident of draining, wearing a +0 robe, wearing an orb of energy and carrying a wand of charming (severely wounded, about 44% to evade your +0 vampiric spear)
The butterfly is in the way.
You completely miss the butterfly.
The wall freezes the butterfly.
You kill the butterfly!
The butterfly disappears in a burst of colours!
The wall freezes the butterfly.
You kill the butterfly!
The butterfly disappears in a burst of colours!
The wall freezes Jeremiah.
Jeremiah mumbles a slurred invocation.
Something smites you!
* * * LOW HITPOINT WARNING * * *
Reach: C) +0 spear (vamp)
Press: ? - help, Dir - move target, f/p - Jeremiah
Aim: Jeremiah, wielding a +4 trident of draining, wearing a +0 robe, wearing an orb of energy and carrying a wand of charming (severely wounded, about 44% to evade your +0 vampiric spear)
You reach to attack!
You hit Jeremiah.
Jeremiah is severely wounded.
The wall freezes the butterfly.
You kill the butterfly!
The butterfly disappears in a burst of colours!
The wall freezes the butterfly.
You kill the butterfly!
The butterfly disappears in a burst of colours!
The wall freezes Jeremiah!
Jeremiah shouts, "O dreadful one, destroy my foe!"
Something smites you!
You die...
Jeremiah asks, "Is it over?
Can I wake up now?"

### #.....# #.#...# ..# #.....#
#.#...# .. #.....# #.....# #.
#.....# #.....# #.## #.#####
###.....# #..## #.# ###...#...# #
#..# ##[# ##.....#####
######.#### #)[# #....###
.~P.~PP~PP# #@## #....#
P.PP~P♣~~P# #b#####.##.#######
~♣♣≈♣~~~~.######bF........b...>..
≈≈♣~P~PPP.............b#......###
F~~P........##.######b#F.....##
♣~P...................bb..b..#
~~PP#######.#.F..##..........#
♣PP.... #......#..##..bb...#
♣PPPP#.# ###)...#.# #.>.....#


You could see Jeremiah.

Vanquished Creatures
  A black bear (D:6)
  An ogre (D:4)
  2 bullfrogs
  3 scorpions
  An electric eel (D:6)
  2 jellies
  A bombardier beetle (D:3)
  2 orc priests
  Jessica (D:2)
  2 iguanas
  3 orc wizards (D:7)
  5 adders
  14 gnolls
  A white imp (D:6)
  2 ribbon worms
  3 dart slugs
  22 orcs
  5 endoplasms
  5 giant cockroaches
  10 goblins
  16 hobgoblins
  8 kobolds
  3 quokkas
  2 ball pythons
  4 bats
  5 frilled lizards (D:1)
  3 rats
127 creatures vanquished.

Vanquished Creatures (collateral kills)
  Grinder (D:4)
  A gnoll bouda (D:6)
  A gnoll (D:5)
  2 ufetubi (D:5)
  2 orcs
7 creatures vanquished.

Grand Total: 134 creatures vanquished

Notes
Turn   | Place    | Note
-------+----------+-------------------------------------------
     0 | D:1      | raph the Merfolk Ice Elementalist began the quest for the
                  | Orb.
     0 | D:1      | Reached XP level 1. HP: 13/13 MP: 3/3
   124 | D:1      | Reached XP level 2. HP: 11/19 MP: 0/5
   524 | D:1      | Found a faded altar of an unknown god.
   601 | D:1      | Reached XP level 3. HP: 16/24 MP: 1/6
  1056 | D:2      | Reached skill level 5 in Ice Magic
  1315 | D:1      | Learned a level 3 spell: Frozen Ramparts
  1582 | D:2      | Noticed Jessica
  1596 | D:2      | Killed Jessica
  1597 | D:2      | Reached XP level 4. HP: 12/30 MP: 3/7
  1909 | D:2      | Learned a level 3 spell: Ozocubu's Armour
  2598 | D:3      | Reached XP level 5. HP: 30/35 MP: 9/9
  3008 | D:3      | Reached skill level 1 in Shields
  3487 | D:4      | Found a staircase to the Ecumenical Temple.
  3603 | Temple   | Entered the Ecumenical Temple
  3629 | Temple   | Became a worshipper of Ashenzari the Shackled
  3650 | D:4      | Noticed an ogre
  3661 | D:4      | Killed an ogre
  3662 | D:4      | Reached skill level 6 in Ice Magic
  3662 | D:4      | Reached XP level 6. HP: 9/41 MP: 9/10
  3998 | D:4      | Learned a level 3 spell: Summon Ice Beast
  4011 | D:4      | Noticed Grinder
  4043 | D:4      | Killed Grinder
  4044 | D:4      | Reached skill level 5 in Dodging
  4044 | D:4      | Reached XP level 7. HP: 32/46 MP: 12/12
  4624 | D:5      | Entered Level 5 of the Dungeon
  4633 | D:5      | Found a radiant altar of Vehumet.
  4882 | D:5      | Reached skill level 7 in Ice Magic
  4966 | D:5      | Reached * piety under Ashenzari
  5091 | D:5      | Reached skill level 1 in Fighting
  5578 | D:6      | Reached XP level 8. HP: 57/57 MP: 15/15
  6572 | D:6      | Found an ornate altar of the Wu Jian Council.
  6589 | D:6      | Reached ** piety under Ashenzari
  6608 | D:6      | Reached skill level 1 in Polearms
  6772 | D:7      | Reached skill level 8 in Ice Magic
  6854 | D:7      | Noticed Jeremiah
  7495 | D:7      | Killed from afar by Jeremiah

Illustrated notes

Levels and vault maps discovered:
D:1:      onia_arrival_pyramid, layout_rooms, ebering_ecumenical_altar_hall
D:2:      layout_basic, minivault_5, minmay_surrounded, uniq_jessica
D:3:      layout_basic
D:4:      layout_loops_ring, minmay_temple_entry_drinking_statues,
          kennysheep_pointless_box, uniq_grinder
D:5:      layout_basic, nicolae_overflow_crystal_walls
D:6:      corexii_shantytown, layout_basic, mainiacjoe_overflow_small_starburst,
          water_maze_lemuel
D:7:      layout_rooms, trog_ov_bears_minmay, marbit_many_paths,
          serial_bayou_lagoon_a, uniq_maggie, uniq_jeremiah
Temple:   nicolae_temple_bog_church

Skill      XL: |  1  2  3  4  5  6  7  8 |
---------------+-------------------------+-----
Dodging        | 3 4 5 6 |  6.3
Ice Magic      | 5 6 7 8 |  8.1
Stealth        | 3 |  3.1
Shields        | 1 2 3 |  3.6
Spellcasting   | 3 4 |  4.3
Fighting       | 1 2 |  2.7
Polearms       | 1 |  1.8

Action                     |  1- 3 |  4- 6 |  7- 9 || total
---------------------------+-------+-------+-------++-------
  Melee: Unarmed           |    13 |       |       ||    13
         Tailslap          |     3 |       |       ||     3
         Dagger            |    13 |       |       ||    13
         Spear             |     1 |    47 |    97 ||   145
   Cast: Freeze            |    46 |    21 |    15 ||    82
         Frozen Ramparts   |     1 |    19 |    49 ||    69
         Ozocubu's Armour  |       |     3 |    14 ||    17
         Summon Ice Beast  |       |     2 |    10 ||    12
 Invoke: Curse Item        |       |       |     3 ||     3
  Evoke: Wand              |       |       |     2 ||     2
    Use: Scroll            |     3 |     6 |     4 ||    13
         Potion            |       |       |     3 ||     3
   Stab: Sleeping          |     3 |     2 |     2 ||     7
         Distracted        |       |     1 |       ||     1
 Armour: Robe              |    31 |    23 |    57 ||   111
  Dodge: Dodged            |    65 |    26 |    81 ||   172
  Block: Buckler           |       |     4 |    23 ||    27
